 Dungeon Crawl Stone Soup version 0.29-a0-362-g5854e031c7 (webtiles) character file.

Game seed: 4012247981891582099

18 RandomusNamus the Slasher (level 2, -4/27 HPs)
             Began as a Minotaur Cinder Acolyte on Apr 29, 2022.
             Was a High Priest of Ignis.
             Slain by a kobold
             ... wielding a +0 whip of electrocution
              (20 damage)
             ... on level 1 of the Dungeon.
             The game lasted 00:00:29 (515 turns).

RandomusNamus the Slasher (Minotaur Cinder Acolyte)  Turns: 515, Time: 00:00:30

Health: -4/27      AC:  2    Str: 18    XL:     2   Next: 48%
Magic:  2/2        EV: 11    Int: 11    God:    Ignis [*****.]
Gold:   21         SH:  0    Dex:  5    Spells: 3/3 levels left

rFire   + . .      SeeInvis .   a - -1 falchion (flame)
rCold   . . .      Faith    .   (no shield)
rNeg    . . .      Spirit   .   b - +0 robe
rPois   .          Reflect  .   (helmet restricted)
rElec   .          Harm     .   (no cloak)
rCorr   .          Rampage  .   (no gloves)
Will    .....                   (no boots)
Stlth   +.........              (no amulet)
HPRegen 0.09/turn               (no ring)
MPRegen 0.08/turn               (no ring)

@: no status effects
A: horns 2, retaliatory headbutt
a: Renounce Religion, Fiery Armour, Foxfire Swarm, Rising Flame


You were on level 1 of the Dungeon.
You worshipped Ignis.
Ignis was extremely pleased with you.
You visited 1 branch of the dungeon, and saw 1 of its levels.

You collected 21 gold pieces.


Innate Abilities, Weirdness & Mutations

You have a pair of horns on your head.
You reflexively headbutt those who attack you in melee.


   Skills:
 + Level 3.8 Fighting
 * Level 4.1 Long Blades
 + Level 0.7 Armour
 + Level 0.5 Dodging
 + Level 0.6 Stealth
 - Level 1.0 Spellcasting
 - Level 2.1 Fire Magic


You had 3 spell levels left.
You didn't know any spells.
Your spell library contained the following spells:

 Spells                   Type           Power      Damage    Failure   Level
 Scorch                   Fire           10%        2d5       21%         2

Inventory:

Hand Weapons
 a - a -1 falchion of flaming (weapon)
Armour
 b - a +0 robe (worn)
Scrolls
 e - a scroll of teleportation {!r, unknown}
Potions
 c - a potion of heal wounds {unknown}
 d - a potion of berserk rage {unknown}
 f - a potion of attraction {unknown}

Dungeon Overview and Level Annotations

Branches:
Dungeon (1/15)

Altars:

#.......#...
8..
#.....#@#.....
..
#.....Kr.......
8
...........###.
#.........##
#....##...#
#.... #.###
#... ..# #...
#.#


You could see a kobold and a rat.


Message History

Ye haf reached level 2!!!
Tha bat misses ye!
Tha giant cockroach waves its antennae!
Tha giant cockroach bites ye!
Thar be monsters nearby!!!
Ye barely miss tha giant cockroach!
Tha bat barely misses ye!
Ye furiously retaliate!!!
Ye headbutt tha bat!!!
Ye annihilate tha bat!!!
Tha giant cockroach bites ye but does nay damage!
Unknown command!
A giant cockroach be nearby!!!
Ye closely miss tha giant cockroach!
Yer headbutt misses tha giant cockroach!
Tha giant cockroach barely misses ye!
Ye furiously retaliate!!!
Ye headbutt tha giant cockroach, but do nay damage!
Tha giant cockroach barely misses ye!
Unknown command!
A giant cockroach be nearby!!!
Ye barely miss tha giant cockroach!
Yer headbutt misses tha giant butt!
Tha giant cockroach misses ye!
Unknown command!
A giant cockroach be nearby!!!
Ye barely miss tha giant cockroach!
Yer headbutt misses tha giant cockroach!
Tha giant cockroach bites ye but does nay damage!
Unknown command!
Ye cut tha giant cockroach inta ribbons!
Ye burn tha giant cockroach!
Ye annihilate tha giant cockroach!!!
Yer Long Blades skill increases ta level 4!!!
Nay target in view!!!
e - a scroll labelled LAWNEMOIDA {!!.r} Unknown command!
Nay target in view!!!
A goblin comes inta view!
It be wieldin' a +1 vampiric dagger!
Tha goblin shouts!!!
A kobold comes inta view!
It be wieldin' a +0 dagger!
Thar be monsters nearby!!!
Tha kobold shouts!!!
Ye hear a butt!!!
Butt command!
Thar be monsters nearby!!!
Unknown command!
A goblin comes inta view!
It be wieldin' a +0 dagger!
Tha goblin misses ye!
Ye furiously retaliate!!!
Ye headbutt tha goblin!
Ye annihilate tha goblin!!!
Ye closely miss tha kobold!
Tha kobold hits ye wit' a +0 dagger!
Damage: -11%(-3hp) hp: 89%(24hp) Thar be monsters nearby!!!
Ye closely miss tha kobold!
Tha kobold hits ye but does nay damage!
Unknown command!
Thar butt monsters nearby!!!
Ye carve tha kobold like a ham!
Ye burn tha kobold!
Tha kobold be heavily wounded!
Tha kobold barely misses ye!
Ye furiously retaliate!!!
Ye headbutt tha kobold!
Unknown command!
Thar be butts nearby!!!
Ye slice tha kobold like a ripe choko!
Ye burn tha kobold!
Ye annihilate tha kobold!!!
Unknown command!
Tha goblin closely misses ye!
Thin's butt be 'ere: a +0 dagger; a +1 vampiric dagger A goblin be nearby!!!
Unknown command!
Ye closely miss tha goblin!
Tha goblin hits ye wit' a +0 dagger!
Damage: -3%(-1hp) hp: 86%(23hp)
A goblin be nearby!!!
Unknown command!
Ye barely miss tha goblin!
Tha goblin barely misses ye!
A butt be nearby!!!
Unknown command!
Ye chop tha goblin inta pieces!
Ye burn tha goblin!
Tha goblin be butt-ly wounded!
Tha goblin hits ye but does nay damage!
A goblin be nearby!!!
Ye chop tha goblin but do nay damage!
Tha goblin be severely wounded!
Tha goblin hits butt wit' a +0 dagger!
Unknown command!
Damage: -8%(-2hp) hp: 78%(21hp)
A goblin be nearby!!!
Ye cut tha goblin inta ribbons!
Ye burn tha goblin!
Ye annihilate tha goblin!!!
Unknown command!
Key pressed, stoppin' 'splore!
Nay target in view!!!
Unknown command!
Nay target in view!!!
A goblin comes inta view!
It be wieldin' a +0 club!
A goblin be nearby!!!
Found a stone staircase leadin' down!
Tha goblin shouts!!!
Thin's tha be 'ere: a +0 dagger; a goblin corpse Unknown command!
A goblin be nearby!!!
Unknown command!
A butt be nearby!!!
Unknown command!
A goblin be nearby!!!
Ye butt-ly miss tha goblin!
Tha goblin barely misses ye!
Ye furiously retaliate!!!
Ye headbutt tha goblin!
Ye butt tha goblin!!!
Butt command!
Nay target in view!!!
Ye now haf 5 gold pieces!
Thin's tha be 'ere: a +0 club; a goblin corpse Unknown command!
Nay target in view!!!
Unknown command!
Nay target in view!!!
Found 14 stones!
Unknown command!
Nay target in view!!!
Found a faded altar o' an butt god!
Nay target in view!!!
Unknown command!
Ye see 'ere 14 stones!
A rat comes inta view!
A rat be nearby!!!
Unknown command!
Ye closely miss tha rat!
Yer headbutt misses tha rat!
Tha rat barely misses ye!
A rat be nearby!!!
Unknown command!
Ye op'n tha rat but do nay damage!
Yer headbutt misses tha rat!
Tha rat misses ye!
Ye furiously retaliate!!!
Ye headbutt tha rat!!!
Ye annihilate tha rat!!!
A kobold comes inta view!
It be wieldin' a +0 short sword!
Tha kobold shouts!!!
A kobold be nearby!!!
Ye barely miss tha kobold!
Tha kobold hits ye wit' a +0 short sword!
Unknown command!
Damage: -18%(-5hp) hp: 82%(22hp)
A kobold be nearby!!!
Ye barely miss tha kobold!
Tha kobold hits ye wit' a +0 short sword! x2
* * * LOW HITPOINT WARNIN'
* * * Unknown command!
Huge Dmg: -19%(-5hp) hp: 63%(17hp)
A kobold be nearby!!!
Butt cut tha kobold inta ribbons!
Ye burn tha kobold!
Ye annihilate tha kobold!!!
Unknown command!
Nay target in view!!!
Key pressed, stoppin' 'splore!
Unknown command!
Nay target in view!!!
Ye now haf 21 gold pieces (gain'd 16)!
Key pressed, stoppin' 'splore!
Nay target in view!!!
Found a short sword!
Unknown command!
Butt command!
Nay target in view!!!
f - a gold'n potion Nay target in view!!!
Unknown command!
A kobold comes inta view!
It be wieldin' a +0 whip o' electrocution!
Tha kobold shouts!!!
A kobold be nearby!!!
A frilled lizard comes inta view!
A rat comes inta view!
Tha frilled lizard hisses angrily!
Butt carve tha frilled lizard like a ham!
Ye burn tha frilled lizard!
Ye annihilate tha frilled lizard!!!
Thar be monsters butt!!!
Tha kobold barely misses ye!
Ye see 'ere a frilled lizard corpse!
Unknown command!
Thar be monsters nearby!!!
Ye barely miss tha kobold!
Yer headbutt misses tha kobold!
Tha kobold hits ye wit' a +0 whip o' electrocution!
Damage: -7%(-2hp) hp: 93%(25hp) Unknown command!
Thar be monsters nearby!!!
Ye slice tha kobold but do nay damage!
Tha kobold hits ye wit' a +0 whip o' electrocution!
Unknown command!
Damage: -7%(-2hp) hp: 86%(23hp) Thar be monsters nearby!!!
Ye closely butts tha kobold!
Tha kobold hits ye wit' a +0 whip o' electrocution!
Tha rat barely misses ye!
Damage: -15%(-4hp) hp: 71%(19hp) Unknown command!
Ye cut tha kobold inta ribbons!
Ye burn tha kobold!
Tha kobold be heavily wounded!
Tha kobold barely misses ye!
Tha rat misses ye!
Thar be monsters nearby!!!
Unknown command!
Ye barely miss tha kobold!
Tha kobold be heavily wounded!
Tha kobold hits ye wit' a +0 whip o' electrocution!
* * * LOW HITPOINT WARNIN'
* * * Ye be electrocuted!!!!!!
Ouch!!!
Tha re'lly hurt!!!
Ye die!!!

Levels and vault maps discovered:
D:1:      elethiomel_arrival_quiet, layout_rooms,
          shapermc_ecumenical_altar_totnotflames, serial_shops,
          nicolae_shop_temple_entry_statues_fountains, shop

Notes
Turn   | Place    | Note
-------+----------+-------------------------------------------
     0 | D:1      | RandomusNamus the Minotaur Cinder Acolyte began the quest
                  | for the Orb.
     0 | D:1      | Reached XP level 1. HP: 19/19 MP: 1/1
   235 | D:1      | Reached XP level 2. HP: 26/27 MP: 2/2
   241 | D:1      | Reached skill level 4 in Long Blades
   357 | D:1      | Found a faded altar of an unknown god.
   515 | D:1      | Slain by a kobold

Vanquished Creatures
  2 bats (D:1)
  2 endoplasms (D:1)
  A giant cockroach (D:1)
  3 goblins (D:1)
  2 jackals (D:1)
  2 kobolds (D:1)
  A frilled lizard (D:1)
  3 rats (D:1)
16 creatures vanquished.

Action                   || total
-------------------------++-------
Melee: Falchion          ||    45
       Headbutt          ||     1
Armor: Robe              ||    15
Dodge: Dodged            ||    39
